[ AOE2 MATCH · #505322482 ]
UnrankedWei vs Poles
Player's team · LOSS
Rival team · WIN
[ REPLAY ANALYSIS · EXTRACTED FROM THE RECORDED GAME ]
Feudal
10:34
Castle
16:07
Imperial
—
| APM avg | 49.6 |
| APM peak | 85 |
| eAPM avg | 32.0 |
| Villagers / military | 93 / 10 |
Focus
⚔️ 30.6% · 🌾 69.4%
Unknown (1949) ×17 · Battering Ram ×7 · Unknown (1944) ×6 · Monk ×3
Feudal
8:09
Castle
22:16
Imperial
28:26
| APM avg | 55.7 |
| APM peak | 84 |
| eAPM avg | 32.2 |
| Villagers / military | 90 / 43 |
Focus
⚔️ 44.1% · 🌾 55.9%
Monk ×13 · Obuch ×13 · Spearman ×11 · Trebuchet (Packed) ×5 · Scout Cavalry ×1
Match map
Initial resources + every placement click. Lines = walls · curves = elevation contours. ◆ gold · ⬟ stone · ● berries · ✦ relic · ◌ wall gap
Your base· ✓ Closed at 16:07 · 18t walls · 4 gate(s)
DS_Gabo's base· ✓ Closed at 22:16 · 7t walls · 3 gate(s)
Smoothed initial terrain · ◌ = detected wall gap · hover for details
Inputs per minute
— PandaThicc - - DS_Gabo
Build order — PandaThicc
First 150 of 240 actions detected
| 0:00 | Queue | Villager (Male) |
| 0:01 | Queue | Villager (Male) |
| 0:02 | Build | House |
| 0:03 | Build | House |
| 0:05 | Queue | Villager (Male) |
| 0:17 | Queue | Villager (Male) |
| 1:29 | Queue | Villager (Male) |
| 1:44 | Build | Lumber Camp |
| 1:58 | Queue | Villager (Male) |
| 2:09 | Queue | Villager (Male) |
| 2:40 | Build | House |
| 2:46 | Queue | Villager (Male) |
| 3:19 | Build | House |
| 3:23 | Queue | Villager (Male) |
| 3:24 | Queue | Villager (Male) |
| 3:35 | Queue | Villager (Male) |
| 3:47 | Build | Palisade Gate |
| 3:51 | Build | Palisade Gate |
| 3:58 | Build | House |
| 4:09 | Build | Palisade Wall |
| 4:11 | Queue | Villager (Male) |
| 4:11 | Queue | Villager (Male) |
| 4:38 | Build | Palisade Wall |
| 4:46 | Queue | Villager (Male) |
| 4:51 | Build | Palisade Wall |
| 5:08 | Build | Palisade Wall |
| 5:25 | Queue | Villager (Male) |
| 5:41 | Queue | Villager (Male) |
| 5:52 | Queue | Villager (Male) |
| 6:05 | Build | Mill |
| 6:08 | Build | Mill |
| 6:15 | Queue | Villager (Male) |
| 6:56 | Queue | Villager (Male) |
| 7:28 | Queue | Villager (Male) |
| 7:38 | Build | Mining Camp |
| 7:51 | Queue | Villager (Male) |
| 8:01 | Build | Farm |
| 8:14 | Research | Feudal Age |
| 8:30 | Build | House |
| 8:36 | Build | Palisade Wall |
| 8:46 | Queue | Villager (Male) |
| 9:12 | Build | Palisade Wall |
| 9:19 | Build | House |
| 9:31 | Queue | Villager (Male) |
| 9:35 | Research | Loom |
| 9:36 | Queue | Villager (Male) |
| 9:36 | Queue | Villager (Male) |
| 10:34 | Age | Feudal Age |
| 10:49 | Build | Market |
| 10:51 | Build | Blacksmith |
| 11:21 | Build | Market |
| 11:25 | Build | Blacksmith |
| 11:46 | Build | Blacksmith |
| 11:47 | Build | Market |
| 12:03 | Queue | Villager (Male) |
| 12:05 | Queue | Villager (Male) |
| 12:11 | Build | Market |
| 12:31 | Queue | Villager (Male) |
| 12:38 | Build | House |
| 12:39 | Build | House |
| 12:42 | Build | House |
| 12:49 | Build | Palisade Wall |
| 13:16 | Build | Mining Camp |
| 13:19 | Build | House |
| 13:22 | Build | House |
| 13:27 | Research | Castle Age |
| 13:27 | Research | Castle Age |
| 13:32 | Build | House |
| 14:06 | Build | Farm |
| 14:16 | Research | Double-Bit Axe |
| 14:16 | Research | Double-Bit Axe |
| 14:38 | Build | House |
| 14:57 | Queue | Villager (Male) |
| 15:23 | Queue | Villager (Male) |
| 16:07 | Age | Castle Age |
| 16:13 | Queue | Villager (Male) |
| 16:40 | Build | Farm |
| 16:41 | Queue | Villager (Male) |
| 16:52 | Queue | Villager (Male) |
| 16:54 | Build | Town Center |
| 16:55 | Queue | Villager (Male) |
| 17:03 | Build | House |
| 17:05 | Build | Palisade Wall |
| 17:06 | Build | Palisade Wall |
| 17:15 | Build | Farm |
| 17:24 | Build | Watch Tower |
| 18:08 | Build | Palisade Wall |
| 18:30 | Build | House |
| 18:32 | Build | House |
| 18:34 | Build | Palisade Wall |
| 18:47 | Build | Farm |
| 18:48 | Build | Farm |
| 18:50 | Queue | Villager (Male) |
| 18:51 | Queue | Villager (Male) |
| 18:51 | Queue | Villager (Male) |
| 18:51 | Queue | Villager (Male) |
| 18:53 | Build | Palisade Wall |
| 19:13 | Build | Palisade Wall |
| 19:35 | Build | Farm |
| 19:36 | Build | Farm |
| 19:36 | Build | Farm |
| 19:36 | Build | Farm |
| 19:36 | Build | Farm |
| 19:51 | Queue | Villager (Male) |
| 20:08 | Build | Farm |
| 20:13 | Queue | Villager (Male) |
| 20:14 | Queue | Villager (Male) |
| 20:26 | Queue | Villager (Male) |
| 20:40 | Queue | Villager (Male) |
| 20:40 | Queue | Villager (Male) |
| 20:44 | Build | Farm |
| 20:46 | Build | Farm |
| 20:49 | Build | Farm |
| 20:50 | Queue | Villager (Male) |
| 21:06 | Queue | Villager (Male) |
| 21:43 | Queue | Villager (Male) |
| 21:48 | Build | Monastery |
| 21:50 | Queue | Villager (Male) |
| 21:59 | Build | Castle |
| 22:06 | Queue | Villager (Male) |
| 22:17 | Queue | Villager (Male) |
| 22:18 | Queue | Villager (Male) |
| 22:29 | Queue | Villager (Male) |
| 22:34 | Build | Farm |
| 22:37 | Build | House |
| 22:37 | Build | House |
| 22:37 | Build | House |
| 22:56 | Queue | Villager (Male) |
| 23:02 | Build | Mining Camp |
| 23:07 | Queue | Villager (Male) |
| 23:13 | Queue | Monk |
| 23:13 | Queue | Monk |
| 23:18 | Build | Farm |
| 23:20 | Queue | Villager (Male) |
| 23:27 | Build | House |
| 23:33 | Queue | Villager (Male) |
| 23:36 | Build | Lumber Camp |
| 23:44 | Queue | Villager (Male) |
| 23:53 | Queue | Unit 1949 |
| 23:54 | Queue | Unit 1949 |
| 24:10 | Queue | Villager (Male) |
| 24:12 | Queue | Villager (Male) |
| 24:16 | Queue | Unit 1949 |
| 24:17 | Queue | Unit 1949 |
| 24:23 | Build | Farm |
| 24:23 | Build | Farm |
| 24:23 | Build | Farm |
| 24:32 | Queue | Villager (Male) |
| 24:35 | Build | Farm |
| 25:02 | Queue | Villager (Male) |
Build order — DS_Gabo
First 150 of 207 actions detected
| 0:01 | Queue | Villager (Male) |
| 0:01 | Queue | Villager (Male) |
| 0:02 | Build | House |
| 0:02 | Build | House |
| 0:06 | Queue | Villager (Male) ×2 |
| 0:06 | Queue | Villager (Male) ×2 |
| 1:20 | Queue | Villager (Male) |
| 1:58 | Queue | Villager (Male) |
| 2:16 | Queue | Villager (Male) |
| 2:20 | Build | Mill |
| 2:29 | Queue | Villager (Male) |
| 2:52 | Queue | Villager (Male) |
| 3:18 | Queue | Villager (Male) |
| 3:42 | Queue | Villager (Male) |
| 3:44 | Queue | Villager (Male) |
| 4:02 | Queue | Villager (Male) |
| 4:02 | Queue | Villager (Male) |
| 4:15 | Queue | Villager (Male) |
| 4:33 | Build | Lumber Camp |
| 4:36 | Queue | Villager (Male) |
| 4:41 | Queue | Villager (Male) |
| 4:45 | Queue | Villager (Male) |
| 5:09 | Queue | Villager (Male) |
| 5:59 | Research | Feudal Age |
| 7:00 | Research | Loom |
| 7:00 | Queue | Villager (Male) |
| 7:20 | Build | House |
| 7:37 | Queue | Villager (Male) |
| 8:09 | Age | Feudal Age |
| 8:11 | Build | Watch Tower |
| 8:13 | Research | Double-Bit Axe |
| 8:18 | Queue | Villager (Male) |
| 9:05 | Queue | Villager (Male) ×2 |
| 9:08 | Build | Mining Camp |
| 9:10 | Queue | Villager (Male) |
| 9:41 | Queue | Villager (Male) |
| 9:57 | Queue | Villager (Male) |
| 9:59 | Build | Mill |
| 10:04 | Queue | Villager (Male) |
| 10:33 | Build | Watch Tower |
| 10:59 | Queue | Villager (Male) |
| 11:14 | Queue | Villager (Male) ×2 |
| 11:30 | Build | Palisade Gate |
| 11:31 | Queue | Villager (Male) |
| 11:51 | Build | Palisade Gate |
| 11:54 | Build | Stone Wall |
| 11:58 | Build | Gate |
| 12:00 | Queue | Villager (Male) |
| 12:07 | Build | Farm |
| 12:08 | Build | Farm |
| 12:08 | Build | Farm |
| 12:08 | Build | Farm |
| 12:08 | Build | Farm |
| 12:08 | Build | Farm |
| 12:28 | Queue | Villager (Male) ×2 |
| 12:41 | Build | Farm |
| 12:48 | Queue | Villager (Male) |
| 12:48 | Queue | Villager (Male) |
| 12:50 | Build | House |
| 12:51 | Build | House |
| 13:10 | Queue | Villager (Male) |
| 13:10 | Queue | Villager (Male) |
| 13:10 | Queue | Villager (Male) |
| 13:44 | Build | Watch Tower |
| 14:03 | Queue | Villager (Male) |
| 14:05 | Build | House |
| 14:06 | Build | Blacksmith |
| 14:34 | Queue | Villager (Male) |
| 15:05 | Queue | Villager (Male) |
| 15:30 | Queue | Villager (Male) |
| 15:30 | Queue | Villager (Male) |
| 15:32 | Build | Farm |
| 15:33 | Build | Farm |
| 15:33 | Build | Farm |
| 15:33 | Build | Farm |
| 15:33 | Build | Farm |
| 15:33 | Build | Farm |
| 15:34 | Build | Farm |
| 15:56 | Queue | Villager (Male) ×5 |
| 16:04 | Build | Watch Tower |
| 16:08 | Queue | Villager (Male) |
| 16:08 | Queue | Villager (Male) |
| 16:20 | Build | Watch Tower |
| 16:24 | Build | Palisade Wall |
| 16:25 | Build | Palisade Wall |
| 16:27 | Build | Palisade Wall |
| 16:28 | Build | Palisade Wall |
| 16:29 | Build | Palisade Wall |
| 16:48 | Queue | Villager (Male) ×4 |
| 16:48 | Queue | Villager (Male) ×4 |
| 16:53 | Build | Palisade Gate |
| 17:03 | Queue | Villager (Male) |
| 17:07 | Build | House |
| 17:19 | Build | Watch Tower |
| 17:20 | Queue | Villager (Male) |
| 17:20 | Queue | Villager (Male) |
| 17:34 | Build | Market |
| 17:38 | Build | House |
| 17:40 | Build | Mining Camp |
| 17:43 | Queue | Villager (Male) |
| 17:47 | Queue | Villager (Male) |
| 18:16 | Queue | Villager (Male) |
| 18:22 | Build | House |
| 18:31 | Build | Farm |
| 18:31 | Build | Farm |
| 18:32 | Build | Farm |
| 18:32 | Build | Farm |
| 18:38 | Build | Watch Tower |
| 19:02 | Build | Palisade Wall |
| 19:36 | Research | Castle Age |
| 19:48 | Build | Farm |
| 19:49 | Research | Horse Collar |
| 19:52 | Build | Farm |
| 19:54 | Build | Farm |
| 19:56 | Build | Farm |
| 20:32 | Queue | Villager (Male) |
| 21:06 | Build | Barracks |
| 21:32 | Research | Stone Mining |
| 21:48 | Research | Gold Mining |
| 21:48 | Queue | Villager (Male) |
| 22:04 | Build | Stable |
| 22:16 | Age | Castle Age |
| 22:32 | Build | Castle |
| 22:37 | Queue | Villager (Male) |
| 22:48 | Build | Monastery |
| 23:10 | Queue | Scout Cavalry |
| 23:19 | Queue | Villager (Male) |
| 23:24 | Queue | Monk |
| 23:30 | Build | Mining Camp |
| 23:37 | Build | Outpost |
| 23:59 | Build | House |
| 24:01 | Build | Stone Wall |
| 24:02 | Build | Stone Wall |
| 24:05 | Build | Stone Wall |
| 24:26 | Queue | Villager (Male) |
| 24:27 | Queue | Villager (Male) |
| 24:50 | Queue | Monk |
| 25:16 | Research | Imperial Age |
| 25:20 | Queue | Monk |
| 25:27 | Queue | Obuch |
| 25:32 | Build | Monastery |
| 25:40 | Queue | Monk |
| 25:40 | Queue | Monk |
| 26:03 | Queue | Villager (Male) |
| 26:13 | Queue | Monk |
| 26:14 | Queue | Monk |
| 26:20 | Build | Mining Camp |
| 26:29 | Build | Outpost |
| 26:31 | Build | Outpost |
| 26:32 | Queue | Villager (Male) |
Match timeline
| 4:09 | PandaThicc · wall_segment Palisade Wall x1 |
| 4:38 | PandaThicc · wall_segment Palisade Wall x1 |
| 4:51 | PandaThicc · wall_segment Palisade Wall x1 |
| 5:08 | PandaThicc · wall_segment Palisade Wall x1 |
| 8:09 | DS_Gabo · age_up feudal |
| 8:36 | PandaThicc · wall_segment Palisade Wall x11 |
| 9:12 | PandaThicc · wall_segment Palisade Wall x2 |
| 10:34 | PandaThicc · age_up feudal |
| 11:54 | DS_Gabo · wall_segment Stone Wall x1 |
| 12:49 | PandaThicc · wall_segment Palisade Wall x1 |
| 12:59 | PandaThicc · first_market_sell 500 stone |
| 12:59 | PandaThicc · first_market_buy 100 food |
| 16:07 | PandaThicc · age_up castle |
| 16:24 | DS_Gabo · wall_segment Palisade Wall x1 |
| 16:25 | DS_Gabo · wall_segment Palisade Wall x1 |
| 16:27 | DS_Gabo · wall_segment Palisade Wall x1 |
| 16:28 | DS_Gabo · wall_segment Palisade Wall x1 |
| 16:29 | DS_Gabo · wall_segment Palisade Wall x1 |
| 17:05 | PandaThicc · wall_segment Palisade Wall x1 |
| 17:06 | PandaThicc · wall_segment Palisade Wall x1 |
| 18:08 | PandaThicc · wall_segment Palisade Wall x1 |
| 18:34 | PandaThicc · wall_segment Palisade Wall x1 |
| 18:53 | PandaThicc · wall_segment Palisade Wall x1 |
| 19:02 | DS_Gabo · wall_segment Palisade Wall x2 |
| 19:13 | PandaThicc · wall_segment Palisade Wall x1 |
| 20:57 | DS_Gabo · first_market_buy 100 wood |
| 21:06 | DS_Gabo · first_building Barracks |
| 21:48 | PandaThicc · first_building Monastery |
| 21:59 | PandaThicc · first_building Castle |
| 22:04 | DS_Gabo · first_building Stable |
| 22:16 | DS_Gabo · age_up castle |
| 22:23 | DS_Gabo · first_market_sell 100 food |
| 22:32 | DS_Gabo · first_building Castle |
| 22:48 | DS_Gabo · first_building Monastery |
| 24:01 | DS_Gabo · wall_segment Stone Wall x1 |
| 24:02 | DS_Gabo · wall_segment Stone Wall x1 |
| 24:05 | DS_Gabo · wall_segment Stone Wall x1 |
| 26:46 | PandaThicc · first_building Siege Workshop |
| 27:56 | DS_Gabo · wall_segment Stone Wall x1 |
| 27:57 | DS_Gabo · wall_segment Stone Wall x1 |
| 28:26 | DS_Gabo · age_up imperial |
| 29:07 | PandaThicc · first_building Barracks |
| 29:39 | DS_Gabo · wall_segment Stone Wall x8 |
| 29:51 | PandaThicc · first_building Stable |
| 32:39 | PandaThicc · resign |
[ AI ANALYSIS · 1 CREDIT ]
What really happened in this match?
Wolo.gg analyzes every decision: build order, eco, micro, common mistakes by bracket. Personalized analysis on WhatsApp or Discord in 30 seconds.
Civ guide
Wei
Perfil
Jugador #622624